 Dungeon Crawl Stone Soup version 0.19.1 (webtiles) character file.

642 Yawgmoth the Skirmisher (level 7, 0/61 HPs)
             Began as a Minotaur Berserker on Dec 11, 2016.
             Was a Priest of Trog.
             Slain by an iguana (4 damage)
             ... on level 4 of the Dungeon.
             The game lasted 00:42:37 (3255 turns).

Yawgmoth the Skirmisher (Minotaur Berserker)        Turns: 3255, Time: 00:42:37

Health: 0/61       AC:  7    Str: 24    XL:     7   Next: 26%
Magic:  6/6        EV: 11    Int:  4    God:    Trog [***...]
Gold:   190        SH:  4    Dex:  9    Spells: 0 memorised, 6 levels left

rFire  . . .     SeeInvis +     B - +1 flail (distort) {!w}
rCold  . . .     Gourm    +     x - +0 scale mail
rNeg   . . .     Faith    .     u - +0 buckler
rPois  .         Spirit   .     (helmet restricted)
rElec  .         Reflect  .     (no cloak)
rCorr  .         Harm     .     (no gloves)
MR     ++...                    (no boots)
Stlth  ..........               l - amulet of the gourmand {Gourm, !d}
                                (no ring)
                                t - ring of see invisible {sInv, !d}

@: exhausted, regenerating
A: retaliatory headbutt, horns 2
a: Berserk, Trog's Hand, Burn Spellbooks, Renounce Religion


You were on level 4 of the Dungeon.
You worshipped Trog.
Trog was most pleased with you.
You were completely stuffed.

You visited 1 branch of the dungeon, and saw 4 of its levels.

You collected 190 gold pieces.

Inventory:

Hand Weapons
 q - a +2 whip of electrocution
   (You took it off a kobold on level 2 of the Dungeon)
 z - a +0 scythe
   (You took it off Sigmund on level 4 of the Dungeon)
 B - a +1 flail of distortion (weapon) {!w}
   (You took it off a gnoll on level 4 of the Dungeon)
 D - a cursed -2 halberd
   (You took it off a gnoll on level 4 of the Dungeon)
Armour
 u - a +0 buckler (worn)
   (You found it on level 3 of the Dungeon)
 x - a +0 scale mail (worn)
   (You took it off an orc on level 3 of the Dungeon)
 y - a +1 robe of magic resistance
   (You took it off Sigmund on level 4 of the Dungeon)
 E - a +0 leather armour
   (You found it on level 4 of the Dungeon)
Jewellery
 l - an amulet of the gourmand (around neck) {Gourm, !d}
   (You found it on level 2 of the Dungeon)
 t - a ring of see invisible (left hand) {sInv, !d}
   (You found it on level 3 of the Dungeon)
Scrolls
 a - a scroll of enchant armour {unknown}
 e - 5 scrolls of remove curse
 h - a scroll of fog
 i - a scroll of noise {unknown}
 m - a scroll of immolation {unknown}
 w - a scroll of fear {unknown}
 A - a scroll of magic mapping {unknown}
 C - 2 scrolls of enchant weapon {unknown}
Potions
 b - a potion of haste {unknown}
 j - 2 potions of might
 n - a potion of heal wounds {unknown}
 o - 2 potions of cure mutation {!q}
 r - a potion of flight
Comestibles
 c - 2 bread rations {@e1}
 d - 4 meat rations {@e2}
 f - a slice of pizza
 s - a royal jelly
 v - 3 chunks of flesh {@w0}


   Skills:
 + Level 5.6 Fighting
   Level 4.4(4.9) Axes
 + Level 3.1(4.2) Maces & Flails
 + Level 5.1 Armour
 + Level 4.5 Dodging
 + Level 3.1 Shields


You had 6 spell levels left.
You didn't know any spells.

Dungeon Overview and Level Annotations

Branches:
Dungeon (4/15)
 Temple: D:4-7

Altars:
Elyvilon


Innate Abilities, Weirdness & Mutations

You reflexively headbutt those who attack you in melee.
You have a pair of horns on your head.


Message History

You have reached level 7!
You regained 7 hp, and now have 89/91 hp.
MP restored: 6 You start resting.
Eating one of 12 chunks of flesh {@w0}.
You start eating one of the 12 chunks of flesh {@w0}.
This raw flesh tastes great.
You feel a strong urge to attack something.
You start resting.
You are no longer berserk.
You are exhausted.
You feel yourself slow down.
You now have 60/61 hp.
There is a stone staircase leading up here.
Found an escape hatch in the floor.
Health restored: 61 Some of the chunks of flesh in your inventory have rotted away.
An orc priest comes into view.
The orc priest invokes the aid of Beogh against you.
Beogh smites you!
You take 12 damage, and have 49/61 hp.
Okay, then.
An iguana, an orc and an orc wizard come into view.
Your skin crawls.
You feel resistant to hostile enchantments.
You feel somewhat less full.
The orc shouts!
The iguana hisses angrily.
You regained 2 hp, and now have 51/61 hp.
You're too exhausted to go berserk.
The orc wizard miscasts a cantrip.
The orc priest invokes the aid of Beogh against you.
Beogh smites you!
You take 11 damage, and have 40/61 hp.
The orc hits you but does no damage. The orc priest barely misses you.
You sock the orc priest! Your headbutt misses the orc priest.
The orc priest blinks!
The orc priest calls down the wrath of Beogh upon you.
Beogh smites you! The orc wizard casts a spell at you. The magic dart hits you!
The orc hits you with a flail.
The orc wizard hits you but does no damage.
The orc closely misses you.
You take 20 damage, and have 21/61 hp.
MASSIVE DAMAGE!!
Unknown command.
Unknown command.
Here: an orc, wielding a flail The floor.
Unknown command.
Okay, then.
Your scale mail prevents you from hitting the orc.
Your headbutt misses the orc.
The orc priest mumbles some strange prayers to Beogh against you.
Beogh smites you!
* * * LOW HITPOINT WARNING * * *
The orc wizard hits you but does no damage.
You block the orc's attack.
The orc priest begins to cast a cantrip, but forgets the words!
The orc wizard gestures at you while chanting.
The puff of frost hits you!
* * * LOW HITPOINT WARNING * * *
You take 19 damage, and have 2/61 hp.
MASSIVE DAMAGE!!
Inscribe which item? (? for menu, Esc to quit)
Okay, then.
Unknown command.
As you read the scroll labeled MYLIMA BEFA, it crumbles to dust.
You feel strangely unstable.
It was a scroll of teleportation.
The orc misses you. You furiously retaliate!
You headbutt the orc!
You kill the orc!
Trog accepts your kill.
The orc wizard looks encouraged for a moment.
You regained 2 hp, and now have 4/61 hp.
You feel better. The orc priest hits you.
* * * LOW HITPOINT WARNING * * *
The orc wizard hits you with a dagger.
* * * LOW HITPOINT WARNING * * *
The iguana bites you.
* * * LOW HITPOINT WARNING * * *
The orc priest miscasts a cantrip.
The orc wizard hits you with a dagger.
* * * LOW HITPOINT WARNING * * *
You take 2 damage, and have 2/61 hp.
It was a potion of cancellation.
You feel strangely stable.
Your magical effects are unravelling.
You feel magically purged.
You feel yourself speed up. The iguana barely misses you.
The orc priest miscasts a cantrip.
The orc wizard barely misses you. The iguana barely misses you.
You regained 2 hp, and now have 4/61 hp.
You sock the orc priest!
You kill the orc priest!
Trog accepts your kill.
You feel the effects of Trog's Hand fading.
The orc wizard hits you with a dagger.
* * * LOW HITPOINT WARNING * * *
The iguana bites you.
You die...

#.####.####
#.........#######
#................
.......##.######
#.###..##....#
###..#####.# #
#..<....##.# ...
#.#..##.##.######...#
###.#..##.##....@o....#
.......##.###....l......
###.#).##.# #.##########
###.#...#.# #.#
#..>......# #.#
#.###...### #.#
#.###.### #.#
......#######.#
............#


You could see an iguana and an orc wizard.

Vanquished Creatures
  Sigmund (D:4)
  Menkaure (D:4)
  An ogre (D:4)
  An orc priest (D:4)
  An orc wizard (D:3)
  A worker ant (D:4)
  Robin (D:2)
  3 gnolls (D:4)
  5 adders
  A worm (D:3)
  2 dart slugs
  2 leopard geckos
  6 orcs
  A ball python (D:1)
  3 giant cockroaches
  17 goblins
  14 hobgoblins
  4 jackals
  3 quokkas
  10 bats
  6 frilled lizards
  4 kobolds
  6 rats
94 creatures vanquished.

Vanquished Creatures (others)
  A leopard gecko (D:4)
1 creature vanquished.

Grand Total: 95 creatures vanquished

Notes
Turn   | Place    | Note
-------+----------+-------------------------------------------
     0 | D:1      | Yawgmoth the Minotaur Berserker began the quest for the Orb.
     0 | D:1      | Reached XP level 1. HP: 19/19 MP: 0/0
   321 | D:1      | Reached XP level 2. HP: 24/27 MP: 1/1
   410 | D:1      | Reached skill level 4 in Fighting
   677 | D:1      | Reached skill level 3 in Armour
   706 | D:1      | Reached XP level 3. HP: 28/33 MP: 2/2
   991 | D:1      | Reached ** piety under Trog
  1326 | D:2      | Reached skill level 4 in Axes
  1421 | D:2      | Noticed Robin
  1443 | D:2      | Killed Robin
  1443 | D:2      | Reached XP level 4. HP: 17/40 MP: 3/3
  1712 | D:2      | Reached skill level 3 in Dodging
  2614 | D:3      | Reached skill level 4 in Armour
  2614 | D:3      | Reached XP level 5. HP: 45/47 MP: 4/4
  2693 | D:3      | Reached skill level 1 in Maces & Flails
  2695 | D:3      | Reached *** piety under Trog
  2911 | D:4      | Found a white marble altar of Elyvilon.
  2926 | D:4      | Noticed Sigmund
  2930 | D:4      | Killed Sigmund
  2930 | D:4      | Reached skill level 5 in Fighting
  2930 | D:4      | Reached skill level 2 in Maces & Flails
  2930 | D:4      | Reached skill level 2 in Shields
  2930 | D:4      | Reached XP level 6. HP: 56/56 MP: 5/5
  3019 | D:4      | Reached skill level 4 in Dodging
  3214 | D:4      | Noticed Menkaure
  3219 | D:4      | Killed Menkaure
  3219 | D:4      | Reached skill level 3 in Maces & Flails
  3219 | D:4      | Reached skill level 5 in Armour
  3219 | D:4      | Reached skill level 3 in Shields
  3219 | D:4      | Reached XP level 7. HP: 61/61 MP: 6/6
  3251 | D:4      | HP: 11/61 [orc priest/divine providence (12)]
  3251 | D:4      | HP: 2/61 [orc wizard/puff of frost (9)]
  3255 | D:4      | Slain by an iguana

Skill      XL: |  1  2  3  4  5  6 |
---------------+-------------------+-----
Fighting       | 4 5 |  5.6
Armour         | 3 4 5 |  5.1
Axes           | 4 |  4.4
Dodging        | 3 4 |  4.5
Maces & Flails | 2 3 |  3.1
Shields        | 2 3 |  3.1

Action                   |  1- 3 |  4- 6 |  7- 9 || total
-------------------------+-------+-------+-------++-------
Melee: Hand axe          |    73 |    27 |       ||   100
       Headbutt          |     5 |    19 |       ||    24
       Whip              |       |    74 |       ||    74
       Flail             |       |     7 |     3 ||    10
Invok: Berserk           |     2 |     3 |       ||     5
       Trog's Hand       |       |     3 |     1 ||     4
  Use: Scroll            |       |     6 |     1 ||     7
       Potion            |       |       |     2 ||     2
  Eat: Chunk             |     3 |    20 |     1 ||    24
Armor: Animal skin       |    20 |     6 |       ||    26
       Scale mail        |       |     8 |     2 ||    10
Dodge: Dodged            |    59 |    58 |     6 ||   123
Block: Buckler           |       |     5 |     1 ||     6

Vault maps used:
D:1:      dpeg_cavernosity, serial_curves, eino_curves_02, eino_curves_03
D:2:      uniq_robin
D:3:      first_bread, kennysheep_generic_room_3
D:4:      elyvilon_altar_4, uniq_menkaure, uniq_sigmund

Table legend:
 A = Turns spent in this place as a percentage of turns spent in the entire game.
 B = Non-inter-level travel turns spent in this place as a percentage of non-inter-level travel turns spent in the entire game.
 C = Inter-level travel turns spent in this place as a percentage of turns spent in this place.
 D = Turns resting spent in this place as a percentage of non-inter-level travel turns spent in this place.
 E = Turns spent auto-exploring this place as a percentage of non-inter-level travel turns spent in this place.
 F = Non-inter-level travel turns spent in this place divided by the number of levels of this place that you've seen.
                   A       B       C       D       E      F
               +-------+-------+-------+-------+-------+----------------------
         Total | 100.0 | 100.0 |   0.4 |   4.3 |  11.9 | 185.2
       Dungeon | 100.0 | 100.0 |   0.4 |   4.3 |  11.9 | 185.2
               +-------+-------+-------+-------+-------+----------------------

Table legend:
 A = Kills in this place as a percentage of kills in entire the game.
 B = Kills by you in this place as a percentage of kills by you in the entire game.
 C = Kills by friends in this place as a percentage of kills by friends in the entire game.
 D = Other kills in this place as a percentage of other kills in the entire game.
 E = Experience gained in this place as a percentage of experience gained in the entire game.
 F = Experience gained in this place divided by the number of levels of this place that you have seen.
                   A       B       C       D       E      F
               +-------+-------+-------+-------+-------+----------------------
         Total | 100.0 | 100.0 |  -nan |  -nan | 100.0 | 229.5
       Dungeon | 100.0 | 100.0 |  -nan |  -nan | 100.0 | 229.5
               +-------+-------+-------+-------+-------+----------------------
